 Dungeon Crawl Stone Soup version 0.30-a0-122-g2a13224 (webtiles) character file.

Game seed: 153833487159820189

1879942 bobfrom10 the Sorcerer (level 27, 212/220 HPs)
             Began as a Djinni Conjurer on Sept 15, 2022.
             Was the Champion of Makhleb.
             Escaped with the Orb
             ... and 3 runes!
             The game lasted 01:47:49 (53409 turns).

bobfrom10 the Sorcerer (Djinni Conjurer)           Turns: 53409, Time: 01:47:49

Health: 212/220    AC: 10    Str:  3    XL:     27
Gold:   3925       EV: 20    Int: 41    God:    Makhleb [******] SH:  0 Dex: 15

rFire   + + +      SeeInvis +    c - +6 Majin-Bo {vamp, MP+6 Int+6}
rCold   + + +      Faith    .    (shield currently unavailable)
rNeg    + . .      Spirit   .    D - +0 troll leather armour
rPois   ∞          Reflect  .    s - -2 hat of the Alchemist {rElec rPois rF+ rC+ rN+ Will+ rMut rCorr}
rElec   +          Harm     .    f - +0 cloak {Stlth+}
rCorr   +          Rampage  .    d - +2 pair of gloves {hurl}
rMut    +                        (boots unavailable)
Will    ++++.                    T - amulet of regeneration
Stlth   +.........               N - +4 ring of evasion
HPRegen 2.06/turn                L - ring "Kidiqos" {rPois rC+++ Int+3 Dex-2 SInv}
MPRegen 0.00/turn

@: flying, studying Dodging
A: sickness immunity, fire resistance 2, cold vulnerability 1, float, innate
caster, HP casting, extra vitality 1, iridescent scales 1, agile 1,
strong-willed 1, shaggy fur 1, weak 1
0: Orb of Zot
}: 3/15 runes: barnacled, slimy, gossamer
a: Renounce Religion, Minor Destruction, Lesser Servant of Makhleb, Major
Destruction, Greater Servant of Makhleb


You escaped.
You worshipped Makhleb.
Makhleb was exalted by your worship.
You visited 11 branches of the dungeon, and saw 50 of its levels.
You also visited: Bailey.

You collected 5069 gold pieces.
You spent 1144 gold pieces at shops.

Inventory:

Hand Weapons
 c - the +6 Majin-Bo (weapon) {vamp, MP+6 Int+6}
   (You acquired it on level 3 of the Dungeon)

   It heals its wielder for a portion of the damage dealt when they wound a
   living foe with it or with a spell.
   Its wielder's spells cost health as well as magical power.
   Int:       It affects your intelligence (+6).
   MP:        It affects your magic capacity (+6).
 G - the +3 hand axe of Ongulal {protect, rF+ rN++}
   (You found it on level 8 of the Dungeon)

   It grants its wielder temporary protection when it strikes (+7 to AC).
   rF:        It protects you from fire.
   rN:        It greatly protects you from negative energy.
Missiles
 M - 10 throwing nets
Armour
 d - a +2 pair of gloves of hurling (worn)
 f - a +0 cloak of stealth (worn)
 s - the -2 hat of the Alchemist (worn) {rElec rPois rF+ rC+ rN+ Will+ rMut rCorr}
   (You found it on level 2 of the Shoals)

   rF:        It protects you from fire.
   rC:        It protects you from cold.
   rElec:     It insulates you from electricity.
   rPois:     It protects you from poison.
   rN:        It protects you from negative energy.
   rCorr:     It protects you from acid and corrosion.
   rMut:      It protects you from mutation.
   Will:      It increases your willpower.
 w - the +9 scales of the Dragon King {rPois rF+ rC+ Will+}
   (You found it on level 4 of the Shoals)

   rF:        It protects you from fire.
   rC:        It protects you from cold.
   rPois:     It protects you from poison.
   Will:      It increases your willpower.
 D - a +0 troll leather armour (worn)
 R - a +1 hat of intelligence
Magical Staves
 Z - a staff of cold
Jewellery
 l - a ring of fire
 n - a +4 ring of protection
 o - a ring of willpower
 A - an amulet of faith
 H - a +4 ring of evasion
 J - a +4 ring of protection
 K - a +6 ring of intelligence
 L - the ring "Kidiqos" (right hand) {rPois rC+++ Int+3 Dex-2 SInv}
   (You took it off a merfolk javelineer on level 4 of the Shoals)

   [ring of see invisible]

   Int:       It affects your intelligence (+3).
   Dex:       It affects your dexterity (-2).
   rC:        It renders you almost immune to cold.
   rPois:     It protects you from poison.
   SInv:      It lets you see invisible.
 N - a +4 ring of evasion (left hand)
 P - a ring of protection from cold
 T - an amulet of regeneration (around neck)
 X - the amulet "Nuetsow" {Reflect +Blink SH+5}
   (You found it on level 5 of the Pits of Slime)

   [amulet of reflection]

   It reflects blocked missile attacks.
   +Blink:    It lets you blink.
   SH:        It affects your SH (+5).
Wands
 a - a wand of paralysis (30)
 q - a wand of polymorph (13)
 y - a wand of flame (63)
 C - a wand of acid (16)
 E - a wand of roots (28)
 O - a wand of digging (13)
Scrolls
 e - 8 scrolls of enchant weapon
 k - 17 scrolls of teleportation
 p - 5 scrolls of brand weapon
 x - 8 scrolls of immolation
 B - 3 scrolls of poison
 Q - 8 scrolls of vulnerability
 S - 4 scrolls of fear
 U - 5 scrolls of magic mapping
 W - 3 scrolls of summoning
 Y - 6 scrolls of butterflies
Potions
 b - 13 potions of haste
 g - 9 potions of ambrosia
 i - 4 potions of attraction
 j - 7 potions of resistance
 m - 7 potions of invisibility
 r - 6 potions of lignification
 t - a potion of berserk rage
 u - 4 potions of mutation
 v - 27 potions of curing
 z - 9 potions of brilliance
 F - 4 potions of cancellation
 I - 2 potions of heal wounds
 V - 6 potions of might


   Skills:
 + Level 24.4 Fighting
 - Level 7.0 Armour
 - Level 13.0 Dodging
 - Level 1.5 Stealth
 - Level 15.0 Unarmed Combat
 * Level 26.5 Spellcasting
 - Level 9.0 Invocations


You couldn't memorise any spells.
You knew the following spells:

 Your Spells              Type           Power      Damage    Failure   Level
a - Magic Dart            Conj           100%       1d8       0%          1
b - Searing Ray           Conj           100%       2d8       0%          2
c - Dazzling Flash        Conj/Hex       100%       N/A       0%          3
d - Fulminant Prism       Conj/Hex       67%        3d28      0%          4
e - Iskenderun's Mystic   Conj/Tloc      100%       2d19      0%          4
f - Slow                  Hex            100%       N/A       0%          1
g - Poisonous Vapours     Pois/Air       100%       N/A       0%          2
h - Spider Form           Tmut/Pois      100%       N/A       0%          3
i - Stone Arrow           Conj/Erth      100%       3d13      0%          3
j - Alistair's Intoxicat  Tmut/Pois      89%        N/A       0%          5
k - Freezing Cloud        Conj/Ice/Air   67%        6-21      0%          5
l - Iron Shot             Conj/Erth      67%        9d12      0%          6
m - Starburst             Conj/Fire      67%        6d17      0%          6
n - Statue Form           Tmut/Erth      89%        N/A       0%          6
o - Summon Hydra          Summ           67%        N/A       0%          7
p - Summon Horrible Thin  Summ           67%        N/A       1%          8
q - Necromutation         Tmut/Necr      67%        N/A       1%          8
r - Dragon's Call         Summ           67%        N/A       1%          9
Your spell library was empty.

Dungeon Overview and Level Annotations

Branches:
Dungeon (15/15)            Temple (1/1) D:5            Lair (5/5) D:9
 Shoals (4/4) Lair:2       Spider (4/4) Lair:3        Slime (5/5) Lair:4
    Orc (2/2) D:11            Elf (1/3) Orc:2        Vaults (4/5) D:14
  Crypt (0/3) Vaults:2     Depths (4/4) D:15            Zot (5/5) Depths:4
 Bailey (visited)

Altars:
Ashenzari
Cheibriados
Dithmenos
Elyvilon
Fedhas
Gozag
Hepliaklqana
Makhleb
Nemelex Xobeh
Okawaru
Qazlal
Ru
Trog
Uskayaw
Wu Jian
Xom
Yredelemnul
Zin
The Shining One
Jiyva
Lugonu

Shops:
D:6 :   Orc:1 *   Orc:2 **:(   Shoals:1 (   Shoals:2 [   Vaults:1 (
Vaults:2 =   Depths:3 ::=   Depths:4 [[

Portals:
Hell: Depths:1 Depths:2 Depths:3 Depths:4
Abyss: Depths:3 Depths:4
Pandemonium: Orc:2 Depths:2 Depths:3
Ziggurat: Depths:4

Annotations:
D:9 2 transporters, bobfrom10's ghost, novice DEIE
Vaults:2 3 runed translucent doors, Feqol's ghost, veteran DsFi
Zot:4 6 transporters


Innate Abilities, Weirdness & Mutations

You are immune to sickness and miasma.
You are immune to poison.
Your flesh is very heat resistant. (rF++)
You are vulnerable to cold. (rC-)
You float through the air rather than walking.
You learn spells naturally, not from books.
Your magical power is your life essence.
You have superior vitality. (+4 MHP)
You are partially covered in iridescent scales. (AC +2)
You are agile. (Dex +4, Str/Int -1)
You are strong-willed. (Will+)
You are covered in fur. (AC +1)
You are weak. (Str -2)


Message History

The roar of the dragon horde subsides.
A great orb of eyes comes into view.
Casting: Summon Horrible Things (mildly dangerous; 1% risk of failure)
Confirm with . or Enter, or press ? or * to list all spells.
Aiming: Iron Shot (safe; 0% risk of failure)
Press: ? - help, Shift-Dir - straight line, f - great orb of eyes
Aim: a great orb of eyes (98% to hit)
The iron shot hits the great orb of eyes!!!
You feel better.
The great orb of eyes is severely wounded.
Unknown command.
Casting: Iron Shot (safe; 0% risk of failure)
Confirm with . or Enter, or press ? or * to list all spells.
Aiming: Iron Shot (safe; 0% risk of failure)
Press: ? - help, Shift-Dir - straight line, f/p - great orb of eyes
Aim: a great orb of eyes (severely wounded, 98% to hit)
The iron shot hits the great orb of eyes!!!
You feel better.
You kill the great orb of eyes!
Makhleb accepts your kill.
You start resting.
You can once more reach out to the dragon horde.
You start resting.
A red devil comes into view.
It is wielding a +0 demon trident of venom.
There are no items here.
Casting: Iron Shot (safe; 0% risk of failure)
Confirm with . or Enter, or press ? or * to list all spells.
Aiming: Iron Shot (safe; 0% risk of failure)
Press: ? - help, Shift-Dir - straight line, f - red devil
Aim: a red devil, wielding a +0 demon trident of venom (73% to hit)
The iron shot hits the red devil!!!
You kill the red devil!
Makhleb accepts your kill.
You feel better.
Direj comes into view.
Press: ? - help, v - describe, . - travel
Here: Direj The floor.
Unknown command.
You have escaped!

.# #.##..........#......###.# .#
#.#.#......#.#......#.#..# .#
#.#..#......#......#..#.## .#
#.#...#....#.#....#...#.# .#
#.#....#..#..&#).#....#.# .#
#.#.....##.....##.....#.# .#
#.#.....#...#...#.....#.# .#
#.#..#.#.#.#.....#......#
.####.....#...#.@(..#.#...#.#
......#..#.#...#...#...#..#.#
#####.#.#...#...#.#(#.....#.#
#.#....#.#...#...#....#.#
#.#...#...#.§.#...#...#.#
#####.#..#.....#.D.#...#..#†#
†..##.#.#.......#DX.....#.#.#
##....##.........X.......##.#
####.##########.##########.#####


You could see Direj.

Vanquished Creatures
  the Royal Jelly (Slime:5)
  4 dread liches (Zot:5)
  An ancient lich (Zot:5)
  Vv (Depths:2)
  4 Killer Klowns
  2 curse toes
  4 caustic shrikes (Depths:4)
  Saint Roka (Vaults:3)
  Jory (Vaults:3)
  Arachne (Spider:3)
  6 golden dragons
  2 bone dragons (Depths:4)
  A Tzitzimitl (D:14)
  2 doom hounds (Zot:2)
  2 electric golems
  14 tentacled monstrosities
  2 liches
  12 Orb Guardians
  Grunn (Zot:2)
  5 quicksilver dragons
  30 acid blobs
  2 ancient champions
  Gastronok (Lair:2)
  6 sphinxes
  14 death cobs
  Agnes (D:15)
  8 shadow dragons
  Roxanne (D:14)
  A revenant (Vaults:2)
  21 rockslimes
  11 storm dragons
  7 draconian monks
  21 azure jellies
  8 fire giants
  3 draconian knights
  3 emperor scorpions
  3 draconian scorchers
  8 frost giants
  2 iron dragons
  5 draconian shifters
  5 draconian stormcallers
  10 vault wardens
  A ghoul (Vaults:2)
  11 very ugly things
  8 ghost moths
  A reaper (D:12)
  A spriggan defender (Depths:2)
  9 ironbound preservers
  A juggernaut zombie (Depths:1)
  6 draconian annihilators
  5 ironbound thunderhulks
  14 stone giants
  13 quicksilver oozes
  An orc warlord (Orc:2)
  10 broodmothers
  2 deep elf demonologists (Depths:3)
  13 black draconians
  Nessos (D:15)
  11 green draconians
  7 entropy weavers
  19 purple draconians
  A vampire knight (Depths:2)
  15 white draconians
  8 red draconians
  6 dire elephants
  9 yellow draconians
  The ghost of Ischud the Cleaver, a journeyman MiBe of Trog (Lair:3)
  8 spark wasps
  5 ettins
  A green death (Depths:3)
  A blizzard demon (Zot:5)
  6 merfolk javelineers
  11 merfolk impalers
  2 fire dragons
  A deep elf high priest (Depths:4)
  Josephine (D:15)
  A crystal guardian (Vaults:4)
  22 great orbs of eyes
  6 yaktaur captains
  3 hell beasts
  A hydra (shapeshifter) (Depths:1)
  8 hydras
  6 rakshasas
  8 ice dragons
  2 jorogumos
  3 radroaches (Spider:4)
  A merfolk avatar (Shoals:4)
  4 spriggan air magi
  Erica (D:9)
  A peacekeeper (Vaults:4)
  7 vault guards
  9 centaur warriors
  4 merfolk aquamancers
  2 ogre magi
  2 catoblepae
  5 ironbound frosthearts
  2 alligator snapping turtles
  8 two-headed ogres
  10 boulder beetles
  11 deep troll earth magi
  5 deep troll shamans
  Urug (D:13)
  A death knight (D:15)
  3 satyrs
  4 tengu warriors
  4 orc high priests
  A shock serpent (shapeshifter) (Depths:4)
  A hell hog (Depths:2)
  2 vampire magi
  4 spriggan berserkers
  6 hell knights (Depths:3)
  2 sun demons
  10 iron trolls
  A sixfirhy (Depths:2)
  2 soul eaters
  5 pharaoh ants
  4 skeletal warriors (Depths:2)
  56 deep trolls
  A glowing orange brain (Depths:3)
  A goliath frog (shapeshifter) (Depths:4)
  2 sun moths
  A glowing orange brain (shapeshifter) (Depths:4)
  6 steelbarb worms
  A quicksilver dragon simulacrum (Depths:2)
  19 sea snakes
  9 orb spiders
  2 shadow demons (Depths:3)
  2 flayed ghosts (Depths:1)
  9 lindwurms
  23 harpies
  15 ironbound convokers
  A phantasmal warrior (Vaults:3)
  10 wizards
  7 orc knights
  A harpy (shapeshifter) (D:13)
  An oklob plant (Lair:2)
  Pikel (D:7)
  A deep elf pyromancer (D:15)
  4 necromancers
  53 ugly things
  26 wolf spiders
  3 deep elf zephyrmancers (Elf:1)
  11 orc sorcerers
  10 shining eyes
  9 cyclopes
  15 manticores
  21 fauns
  2 stone giant zombies
  24 moths of wrath
  A nameless horror (D:12)
  14 elephants
  A rust devil (Depths:2)
  11 merfolk sirens
  18 vault sentinels
  2 black mambas
  5 water nymphs
  2 torpor snails (Spider:4)
  5 eyes of devastation
  10 cane toads
  A hellion (Depths:3)
  Maggie (D:7)
  An orange demon (Depths:3)
  4 demonic crawlers
  A gargoyle (D:13)
  An unseen horror (D:14)
  2 yaktaur zombies
  34 yaktaurs
  3 kobold demonologists
  8 komodo dragons
  4 rime drakes
  3 tengu conjurers
  A tormentor (Zot:2)
  2 red devils
  An ice devil (Orc:2)
  A meliai (shapeshifter) (D:15)
  39 merfolk
  4 polar bears
  10 trolls
  An elf skeleton (Vaults:1)
  4 tyrant leeches (Spider:2)
  8 meliai
  8 wind drakes
  114 slime creatures
  20 tarantellas
  6 hornets
  23 blink frogs
  A wolf spider simulacrum (D:15)
  12 snapping turtles
  10 dream sheep
  A fire giant simulacrum (Depths:1)
  20 culicivoras
  33 jumping spiders
  A centaur simulacrum (D:15)
  Sigmund (D:5)
  5 wraiths
  A vampire (D:12)
  22 water elementals
  35 yaks
  4 wyverns
  A shadow (D:10)
  An elf zombie (Vaults:1)
  23 spriggans
  A ynoxinul (Depths:3)
  3 basilisks
  6 golden eyes
  A neqoxec (Depths:3)
  49 redbacks
  2 chaos spawn (Depths:3)
  6 vampire mosquitoes
  A steam dragon (D:7)
  A swamp worm (shapeshifter) (D:12)
  7 wargs
  2 acid dragons
  A floating eye (Slime:3)
  14 water moccasins
  A glowing shapeshifter skeleton (Depths:1)
  A sky beast (D:8)
  49 orc warriors
  10 black bears
  An ice beast (D:7)
  22 wolves
  4 ogres
  7 boggarts
  3 lemures (D:7)
  5 centaurs
  2 phantoms (D:5)
  3 kobold brigands
  Blork the orc (D:4)
  8 bullfrogs
  2 necrophages
  5 scorpions
  4 wights (D:9)
  14 killer bees
  A human simulacrum (Vaults:3)
  4 electric eels
  5 spriggan skeletons (D:14)
  A troll skeleton (D:14)
  5 howler monkeys
  2 bullfrog zombies (D:5)
  A centaur zombie (D:5)
  2 hounds
  A jelly (D:7)
  32 orc priests
  An iron imp (D:11)
  3 iguanas
  2 scorpion zombies (D:5)
  25 orc wizards
  7 hell rats (Lair:3)
  5 adders
  7 gnolls
  3 white imps
  2 ufetubi (D:6)
  2 worms (D:2)
  4 dart slugs
  129 orcs
  8 bats
  3 endoplasms (D:1)
  2 giant cockroaches
  6 hobgoblins
  2 jackals (D:4)
  2 quokkas
  8 ball pythons
  4 frilled lizards
  7 goblins
  18 kobolds
  6 rats
2069 creatures vanquished.

Vanquished Creatures (collateral kills)
  3 ancient liches
  4 orbs of fire (Zot:5)
  2 pandemonium lords
  2 Killer Klowns (Zot:5)
  A golden dragon (Zot:5)
  A bone dragon (Zot:2)
  A Tzitzimitl (Zot:2)
  An electric golem (Zot:5)
  2 tentacled monstrosities
  16 Orb Guardians
  An acid blob (Slime:5)
  A quicksilver dragon (Zot:5)
  An ironbound preserver (Vaults:4)
  3 ironbound thunderhulks (Vaults:3)
  A quicksilver ooze (Slime:5)
  2 putrid mouths (Zot:2)
  A black draconian (Zot:5)
  2 red draconians (Zot:5)
  A purple draconian (Zot:5)
  A yaktaur captain (Vaults:3)
  2 ice dragons
  2 ironbound frosthearts (Vaults:3)
  A hell knight (Depths:3)
  2 deep trolls
  An ironbound convoker (Vaults:3)
  A necromancer (Vaults:3)
  An ugly thing (Vaults:3)
  A moth of wrath (Zot:5)
  A smoke demon (D:1)
  2 orange demons
  A vault sentinel (Vaults:3)
  A yaktaur (Vaults:3)
  An ice devil (Depths:3)
  A red devil (Depths:3)
  A sphinx simulacrum (Vaults:3)
  A neqoxec (D:1)
  A glowing shapeshifter zombie (Vaults:3)
  A quasit (D:12)
69 creatures vanquished.

Vanquished Creatures (others)
  A harpy (Shoals:4)
  An orc knight (D:15)
  A moth of wrath (Zot:2)
  A yaktaur (Vaults:4)
  A centaur (D:13)
  A fulminant prism (Shoals:1)
  28 fungi
  72 plants
106 creatures vanquished.

Grand Total: 2244 creatures vanquished

Notes
Turn   | Place    | Note
-------+----------+-------------------------------------------
     0 | D:1      | bobfrom10 the Djinni Conjurer began the quest for the Orb.
     0 | D:1      | bobfrom10 set off with the following spells memorised:
                  | Magic Dart, Searing Ray, Dazzling Flash, Fulminant Prism,
                  | Iskenderun's Mystic Blast.
     0 | D:1      | Reached XP level 1. HP: 15/15 MP: 0/0
   392 | D:1      | Reached XP level 2. HP: 11/22 MP: 0/0
   763 | D:1      | Reached skill level 1 in Fighting
  1172 | D:1      | Reached XP level 3. HP: 24/27 MP: 0/0
  1172 | D:1      | Learned a level 1 spell: Slow
  1814 | D:2      | Found a faded altar of an unknown god.
  2262 | D:2      | Reached XP level 4. HP: 27/32 MP: 0/0
  2366 | D:2      | Reached skill level 4 in Spellcasting
  3391 | D:3      | Identified a scroll of acquirement
  3394 | D:3      | Acquired the +6 Majin-Bo {vamp, MP+6 Int+6}
  3394 | D:3      | Found the +6 Majin-Bo {vamp, MP+6 Int+6}
  3427 | D:3      | Noticed a black bear
  3434 | D:3      | Killed a black bear
  3435 | D:3      | Reached XP level 5. HP: 38/39 MP: 0/0
  3435 | D:3      | Learned a level 2 spell: Poisonous Vapours
  3497 | D:3      | Reached XP level 6. HP: 44/45 MP: 0/0
  3984 | D:4      | Reached skill level 5 in Spellcasting
  4527 | D:4      | Noticed Blork the orc
  4534 | D:4      | Killed Blork the orc
  4842 | D:4      | Found a white marble altar of Elyvilon.
  5100 | D:5      | Entered Level 5 of the Dungeon
  5122 | D:5      | Reached XP level 7. HP: 49/50 MP: 0/0
  5122 | D:5      | Learned a level 3 spell: Spider Form
  5769 | D:5      | Found a basalt altar of Yredelemnul.
  5774 | D:5      | Reached skill level 6 in Spellcasting
  6005 | D:5      | Found a glowing golden altar of the Shining One.
  6310 | D:5      | Reached XP level 8. HP: 54/58 MP: 0/0
  6313 | D:5      | Noticed Sigmund
  6321 | D:5      | Killed Sigmund
  6322 | D:5      | Reached skill level 5 in Fighting
  6722 | D:5      | Reached skill level 7 in Spellcasting
  6817 | D:5      | Found a staircase to the Ecumenical Temple.
  6851 | Temple   | Entered the Ecumenical Temple
  7030 | Temple   | Became a worshipper of Makhleb the Destroyer
  7541 | D:6      | Found Ostrusani's Book Boutique.
  7572 | D:6      | Reached skill level 1 in Invocations
  7642 | D:6      | Reached XP level 9. HP: 24/66 MP: 0/0
  7642 | D:6      | Learned a level 3 spell: Stone Arrow
  8513 | D:7      | Reached * piety under Makhleb
  8689 | D:7      | Noticed Pikel
  8694 | D:7      | Reached skill level 8 in Spellcasting
  8700 | D:7      | Killed Pikel
  8991 | D:7      | Noticed Maggie
  9001 | D:7      | Killed Maggie
  9002 | D:7      | Reached XP level 10. HP: 56/75 MP: 0/0
  9560 | D:8      | Identified the +3 hand axe of Ongulal {protect, rF+ rN++}
  9946 | D:8      | Reached skill level 9 in Spellcasting
 10208 | D:8      | Found a snail-covered altar of Cheibriados.
 10451 | D:8      | Reached skill level 5 in Invocations
 10754 | D:9      | Found a transporter.
 10758 | D:9      | Noticed a two-headed ogre
 10763 | D:9      | Noticed a freezing wraith
 10763 | D:9      | Noticed a two-headed ogre
 10769 | D:9      | Found a transporter.
 10770 | D:9      | Noticed a deep elf pyromancer
 10781 | D:9      | Noticed a white ugly thing
 10782 | D:9      | Noticed bobfrom10's ghost (novice DEIE)
 10791 | D:9      | Found a staircase to the Lair.
 10797 | D:9      | Noticed Erica
 10808 | D:9      | Killed Erica
 10959 | D:9      | Reached ** piety under Makhleb
 10960 | D:9      | Reached XP level 11. HP: 67/81 MP: 0/0
 10960 | D:9      | Learned a level 5 spell: Alistair's Intoxication
 11312 | D:9      | Reached skill level 10 in Spellcasting
 11475 | D:10     | Entered Level 10 of the Dungeon
 11493 | D:10     | Found a flagged portal.
 11513 | D:10     | Noticed a two-headed ogre
 11522 | D:10     | Killed a two-headed ogre
 11577 | Bailey   | Entered a bailey
 12191 | Bailey   | Noticed an orc knight
 12206 | Bailey   | Killed an orc knight
 12812 | D:10     | Reached *** piety under Makhleb
 13387 | D:10     | Found a sacrificial altar of Ru.
 13650 | D:11     | Found a staircase to the Orcish Mines.
 13782 | D:11     | Found a snail-covered altar of Cheibriados.
 13837 | D:11     | Noticed a two-headed ogre
 13838 | D:11     | Reached **** piety under Makhleb
 13848 | D:11     | Killed a two-headed ogre
 13852 | D:11     | Noticed a cyclops
 13859 | D:11     | Killed a cyclops
 13860 | D:11     | Reached skill level 11 in Spellcasting
 13860 | D:11     | Reached XP level 12. HP: 17/90 MP: 0/0
 14227 | D:11     | Noticed a boulder beetle
 14239 | D:11     | Killed a boulder beetle
 14361 | D:11     | Noticed a two-headed ogre
 14372 | D:11     | Killed a two-headed ogre
 15042 | Lair:1   | Entered Level 1 of the Lair of Beasts
 15085 | Lair:1   | Reached skill level 10 in Fighting
 15578 | Lair:1   | Reached skill level 12 in Spellcasting
 16085 | Lair:2   | Reached skill level 5 in Dodging
 16094 | Lair:2   | Reached XP level 13. HP: 97/97 MP: 0/0
 16094 | Lair:2   | Learned a level 5 spell: Freezing Cloud
 16289 | Lair:2   | Found a frozen archway.
 16292 | Lair:2   | Reached ***** piety under Makhleb
 16724 | Lair:2   | Noticed a five-headed hydra
 16729 | Lair:2   | Killed a five-headed hydra
 16765 | Lair:2   | Noticed Gastronok
 16775 | Lair:2   | Killed Gastronok
 17057 | Lair:2   | Found a staircase to the Shoals.
 17597 | Lair:3   | Noticed a catoblepas
 18023 | Lair:3   | Killed a catoblepas
 18261 | Lair:3   | Found a hole to the Spider Nest.
 18362 | Lair:3   | Noticed Ischud's ghost (journeyman MiBe)
 18367 | Lair:3   | Found a transporter.
 18372 | Lair:3   | Found a transporter.
 18378 | Lair:3   | Found a bloodstained altar of Trog.
 18465 | Lair:3   | Reached skill level 13 in Spellcasting
 18486 | Lair:3   | Killed Ischud's ghost
 19120 | Lair:4   | Found a runed translucent door.
 19121 | Lair:4   | Found a viscous altar of Jiyva.
 19123 | Lair:4   | Found a staircase to the Slime Pits.
 19123 | Lair:4   | Noticed an azure jelly
 19140 | Lair:4   | Killed an azure jelly
 19141 | Lair:4   | Reached XP level 14. HP: 106/106 MP: 0/0
 19785 | Lair:5   | Entered Level 5 of the Lair of Beasts
 19970 | Lair:5   | Reached skill level 14 in Spellcasting
 20377 | Lair:5   | Reached ****** piety under Makhleb
 20897 | Lair:5   | Reached XP level 15. HP: 102/114 MP: 0/0
 20897 | Lair:5   | Learned a level 6 spell: Iron Shot
 21194 | Orc:1    | Entered Level 1 of the Orcish Mines
 21548 | Orc:2    | Entered Level 2 of the Orcish Mines
 21851 | Orc:2    | Noticed an orc warlord
 21855 | Orc:2    | Killed an orc warlord
 21856 | Orc:2    | Reached skill level 10 in Dodging
 22137 | Orc:2    | Found a staircase to the Elven Halls.
 22156 | Orc:2    | Found Docu's General Store.
 22171 | Orc:2    | Found Athracwui's General Store.
 22214 | Orc:2    | Bought a potion of invisibility for 104 gold pieces
 22258 | Orc:2    | Reached skill level 15 in Spellcasting
 22424 | Orc:2    | Found Wazeov Hiopt's Antique Weapon Shop.
 22424 | Orc:2    | Found Piebush's Book Boutique.
 22425 | Orc:2    | Found a one-way gate leading to the halls of Pandemonium.
 22973 | Orc:1    | Found Xigi's General Store.
 23174 | Spider:1 | Entered Level 1 of the Spider Nest
 23239 | Spider:1 | Noticed an emperor scorpion
 23254 | Spider:1 | Killed an emperor scorpion
 24247 | Spider:2 | Noticed a broodmother
 24264 | Spider:2 | Reached XP level 16. HP: 123/123 MP: 0/0
 24326 | Spider:2 | Noticed an emperor scorpion
 24342 | Spider:2 | Killed an emperor scorpion
 24941 | Spider:2 | Identified the +1 leather armour of Starshine {Harm *Slow
                  | Int+2 Dex+3}
 25140 | Spider:2 | Identified the +0 chain mail "Gobahoj" {Int+2}
 25172 | Spider:2 | You are sucked into a shaft and drop 1 floor!
 25312 | Spider:3 | Noticed Arachne
 25324 | Spider:3 | Killed Arachne
 25325 | Spider:3 | Reached skill level 16 in Spellcasting
 26321 | Spider:4 | Entered Level 4 of the Spider Nest
 26462 | Spider:4 | Noticed an emperor scorpion
 26468 | Spider:4 | Reached XP level 17. HP: 130/130 MP: 0/0
 26468 | Spider:4 | Learned a level 6 spell: Starburst
 26475 | Spider:4 | Reached skill level 15 in Fighting
 26934 | Spider:4 | Reached skill level 1 in Armour
 26958 | Spider:4 | Reached skill level 17 in Spellcasting
 27230 | Spider:4 | Got a gossamer rune of Zot
 28720 | D:13     | Noticed Urug
 28726 | D:13     | Killed Urug
 29268 | Shoals:1 | Entered Level 1 of the Shoals
 29319 | Shoals:1 | Reached skill level 5 in Armour
 29341 | Shoals:1 | Reached XP level 18. HP: 139/139 MP: 0/0
 29427 | Shoals:1 | Identified the +4 glaive of Afu Gack {freeze, rPois rN+}
 29610 | Shoals:1 | You are sucked into a shaft and drop 1 floor!
 29610 | Shoals:2 | Found Fugusu's Antique Armour Shoppe.
 29620 | Shoals:2 | Found the -2 hat of the Alchemist {rElec rPois rF+ rC+ rN+
                  | Will+ rMut rCorr}
 29870 | Shoals:1 | Found Qelig's Antique Weapon Shoppe.
 30174 | Shoals:2 | Reached skill level 18 in Spellcasting
 31076 | Shoals:3 | Identified the +11 hand axe "Hant" {elec, Int+2}
 31552 | Shoals:4 | Entered Level 4 of the Shoals
 31560 | Shoals:4 | Reached XP level 19. HP: 94/147 MP: 0/0
 31560 | Shoals:4 | Learned a level 6 spell: Statue Form
 31960 | Shoals:4 | Reached skill level 1 in Unarmed Combat
 31963 | Shoals:4 | Found the +9 scales of the Dragon King {rPois rF+ rC+
                  | Will+}
 32391 | Shoals:4 | Got a barnacled rune of Zot
 32489 | Shoals:4 | Identified the ring "Kidiqos" {rPois rC+++ Int+3 Dex-2
                  | SInv}
 32799 | D:14     | You are sucked into a shaft and drop 1 floor!
 32799 | D:15     | Entered Level 15 of the Dungeon
 32938 | D:15     | Found a staircase to the Depths.
 33013 | D:15     | Reached skill level 19 in Spellcasting
 33051 | D:15     | Identified the ring "Isaisial" {*Slow Str+5 Int+6}
 33096 | D:15     | Noticed Nessos
 33108 | D:15     | Killed Nessos
 33343 | D:15     | Noticed Agnes
 33348 | D:15     | Killed Agnes
 33357 | D:15     | Noticed Josephine
 33365 | D:15     | Killed Josephine
 33752 | D:14     | Noticed Roxanne
 33762 | D:14     | Killed Roxanne
 34212 | D:14     | Found a gate to the Vaults.
 34266 | Vaults:1 | Entered Level 1 of the Vaults
 34297 | Vaults:1 | Reached skill level 5 in Unarmed Combat
 34303 | Vaults:1 | Reached XP level 20. HP: 155/155 MP: 0/0
 34889 | Vaults:1 | Found Uziuceche's Weapon Shop.
 35584 | Vaults:2 | Reached skill level 20 in Spellcasting
 35590 | Vaults:2 | Found a runed translucent gate.
 35591 | Vaults:2 | Found a runed translucent gate.
 35591 | Vaults:2 | Found a runed translucent gate.
 35593 | Vaults:2 | Noticed Feqol's ghost (veteran DsFi)
 35867 | Vaults:2 | Reached XP level 21. HP: 164/164 MP: 0/0
 35867 | Vaults:2 | Learned a level 7 spell: Summon Hydra
 35962 | Vaults:2 | Found a staircase to the Crypt.
 36167 | Vaults:2 | Found Yclout's Jewellery Boutique.
 36773 | Slime:1  | Entered Level 1 of the Pits of Slime
 36777 | Slime:1  | Gained mutation: You are weak. (Str -2) [a shining eye]
 36786 | Slime:1  | Gained mutation: Your spells are a little easier to cast,
                  | but a little less powerful. [a shining eye]
 37446 | Slime:2  | Lost mutation: Your spells are a little easier to cast, but
                  | a little less powerful. [potion of mutation]
 37446 | Slime:2  | Lost mutation: You are weak. (Str -2) [potion of mutation]
 37446 | Slime:2  | Gained mutation: Your skin changes colour to match your
                  | surroundings (Stealth+). [potion of mutation]
 37446 | Slime:2  | Gained mutation: You are strong-willed. (Will+) [potion of
                  | mutation]
 37446 | Slime:2  | Gained mutation: Your muscles are strong. (Str +4, Int/Dex
                  | -1) [potion of mutation]
 37447 | Slime:2  | Lost mutation: Your skin changes colour to match your
                  | surroundings (Stealth+). [potion of mutation]
 37447 | Slime:2  | Lost mutation: Your muscles are strong. (Str +4, Int/Dex
                  | -1) [potion of mutation]
 37447 | Slime:2  | Lost mutation: You are strong-willed. (Will+) [potion of
                  | mutation]
 37447 | Slime:2  | Gained mutation: You are weak. (Str -2) [potion of
                  | mutation]
 37447 | Slime:2  | Gained mutation: You are partially covered in iridescent
                  | scales. (AC +2) [potion of mutation]
 37447 | Slime:2  | Gained mutation: You are covered in fur. (AC +1) [potion of
                  | mutation]
 37447 | Slime:2  | Gained mutation: You are strong-willed. (Will+) [potion of
                  | mutation]
 37485 | Slime:3  | Gained mutation: Your body sometimes deteriorates upon
                  | taking damage. [a shining eye]
 37491 | Slime:3  | Gained mutation: Armour fits poorly on your strangely
                  | shaped body. [a shining eye]
 37519 | Slime:3  | Lost mutation: Your body sometimes deteriorates upon taking
                  | damage. [potion of mutation]
 37519 | Slime:3  | Lost mutation: Armour fits poorly on your strangely shaped
                  | body. [potion of mutation]
 37519 | Slime:3  | Gained mutation: You are agile. (Dex +4, Str/Int -1)
                  | [potion of mutation]
 37595 | Slime:2  | You are sucked into a shaft and drop 1 floor!
 38657 | Slime:5  | Entered Level 5 of the Pits of Slime
 38663 | Slime:5  | Reached XP level 22. HP: 172/172 MP: 0/0
 38709 | Slime:5  | Reached skill level 21 in Spellcasting
 38738 | Slime:4  | Reached skill level 10 in Unarmed Combat
 39379 | Slime:5  | Noticed the Royal Jelly
 39764 | Slime:5  | Found a viscous altar of Jiyva.
 39797 | Slime:5  | Killed the Royal Jelly
 39839 | Slime:5  | Identified the amulet "Nuetsow" {Reflect +Blink SH+5}
 39849 | Slime:5  | Identified the +0 pair of boots of the Crypt {rCorr}
 39878 | Slime:5  | Identified the ring "Sefahiff" {rElec rF- MP+9 Int+4 Dex+3}
 39893 | Slime:5  | Got a slimy rune of Zot
 40359 | Depths:1 | Entered Level 1 of the Depths
 40543 | Depths:1 | Found a gateway to Hell.
 41039 | Depths:2 | Noticed Vv
 41044 | Depths:2 | Reached XP level 23. HP: 180/180 MP: 0/0
 41044 | Depths:2 | Learned a level 8 spell: Summon Horrible Things
 41057 | Depths:2 | Killed Vv
 41426 | Depths:2 | Reached skill level 22 in Spellcasting
 41440 | Depths:2 | Identified the +4 spear "Lasenol" {freeze, Fly rPois
                  | Stlth+}
 41799 | Depths:2 | Identified the ring of Okawaru's Reproof {rPois rCorr
                  | Dex+2}
 42042 | Depths:3 | Noticed a golden dragon
 42047 | Depths:3 | Killed a golden dragon
 42547 | Depths:3 | Found Radunote's Book Shop.
 42548 | Depths:3 | Found Fewicouf's Jewellery Emporium.
 42549 | Depths:3 | Found Kuz Penoe's Book Shop.
 42555 | Depths:3 | Bought a manual of Dodging for 1040 gold pieces
 42660 | Depths:3 | Found a corrupted altar of Lugonu.
 42661 | Depths:3 | Found a one-way gate to the infinite horrors of the Abyss.
 43038 | Depths:3 | Reached XP level 24. HP: 164/189 MP: 0/0
 43127 | Depths:4 | Entered Level 4 of the Depths
 43127 | Depths:4 | Noticed a caustic shrike
 43129 | Depths:4 | Noticed a caustic shrike
 43130 | Depths:4 | Noticed a caustic shrike
 43132 | Depths:4 | Noticed a caustic shrike
 43133 | Depths:4 | Killed a caustic shrike
 43137 | Depths:4 | Killed a caustic shrike
 43138 | Depths:4 | Killed a caustic shrike
 43142 | Depths:4 | Killed a caustic shrike
 43302 | Depths:4 | Found a gate to the Realm of Zot.
 43445 | Depths:4 | Found Hepuss's Superior Scales.
 43655 | Depths:4 | Found Ufrethe's Armour Shop.
 43684 | Depths:4 | Found a one-way gateway to a ziggurat.
 43752 | Zot:1    | Entered Level 1 of the Realm of Zot
 43876 | Zot:1    | Reached skill level 23 in Spellcasting
 44379 | Zot:2    | Noticed Grunn
 44387 | Zot:2    | Killed Grunn
 44405 | Zot:2    | Reached XP level 25. HP: 52/195 MP: 0/0
 44405 | Zot:2    | Learned a level 8 spell: Necromutation
 45232 | Zot:3    | Noticed a curse toe
 45240 | Zot:3    | Killed a curse toe
 45310 | Zot:3    | Reached skill level 15 in Unarmed Combat
 45510 | Zot:3    | Reached skill level 24 in Spellcasting
 45732 | Zot:4    | Found a transporter.
 45736 | Zot:4    | Found a transporter.
 45774 | Zot:4    | Found a transporter.
 45875 | Zot:4    | Reached XP level 26. HP: 206/206 MP: 0/0
 45947 | Zot:4    | Found a transporter.
 45949 | Zot:4    | Found a transporter.
 46220 | Zot:4    | Noticed a Killer Klown
 46224 | Zot:4    | Killed a Killer Klown
 46327 | Zot:4    | Found a transporter.
 47286 | Vaults:3 | Noticed Saint Roka
 47292 | Vaults:3 | Killed Saint Roka
 47338 | Vaults:3 | Noticed Jory
 47350 | Vaults:3 | Killed Jory
 48511 | Vaults:4 | Reached skill level 25 in Spellcasting
 49609 | Elf:1    | Entered Level 1 of the Elven Halls
 49623 | Elf:1    | Reached XP level 27. HP: 215/215 MP: 0/0
 49623 | Elf:1    | Learned a level 9 spell: Dragon's Call
 50007 | Zot:5    | Entered Level 5 of the Realm of Zot
 51193 | Zot:5    | Noticed a dread lich
 51198 | Zot:5    | Killed a dread lich
 51221 | Zot:5    | Noticed an orb of fire
 51235 | Zot:5    | Noticed an orb of fire
 51261 | Zot:5    | Killed an orb of fire
 51266 | Zot:5    | Killed an orb of fire
 51336 | Zot:5    | Noticed an orb of fire
 51357 | Zot:5    | Killed an orb of fire
 51364 | Zot:5    | Noticed a Killer Klown
 51368 | Zot:5    | Killed a Killer Klown
 51399 | Zot:5    | Noticed a Killer Klown
 51411 | Zot:5    | Killed a Killer Klown
 51733 | Zot:5    | Noticed a Killer Klown
 51742 | Zot:5    | Noticed an ancient lich
 51746 | Zot:5    | Killed a Killer Klown
 51748 | Zot:5    | Killed an ancient lich
 51749 | Zot:5    | Noticed a Killer Klown
 51753 | Zot:5    | Noticed a Killer Klown
 51754 | Zot:5    | Noticed an orb of fire
 51756 | Zot:5    | Killed a Killer Klown
 51759 | Zot:5    | Killed an orb of fire
 51760 | Zot:5    | Killed a Killer Klown
 51858 | Zot:5    | Noticed a dread lich
 51867 | Zot:5    | Killed a dread lich
 51886 | Zot:5    | Noticed a dread lich
 51899 | Zot:5    | Killed a dread lich
 51900 | Zot:5    | Reached skill level 26 in Spellcasting
 51979 | Zot:5    | Noticed a dread lich
 51995 | Zot:5    | Killed a dread lich
 52012 | Zot:5    | Noticed an ancient lich
 52333 | Zot:5    | Killed an ancient lich
 52474 | Zot:5    | Noticed an ancient lich
 52482 | Zot:5    | Killed an ancient lich
 52680 | Zot:5    | Got the Orb of Zot
 53087 | D:12     | Noticed Hugezxun the pandemonium lord
 53087 | D:12     | Noticed an ancient lich
 53095 | D:12     | Killed an ancient lich
 53098 | D:12     | Killed Hugezxun the pandemonium lord
 53288 | D:3      | Noticed Godghishru the pandemonium lord
 53306 | D:1      | Noticed Atymaes the pandemonium lord
 53326 | D:1      | Killed Atymaes the pandemonium lord
 53407 | D:1      | Noticed Direj the pandemonium lord
 53409 | D:$      | Escaped with the Orb!

Illustrated notes

Levels and vault maps discovered:
D:1:      matt_arrival_diagonals, layout_basic, serial_forest,
          infiniplex_forest_lined_1, infiniplex_forest_zigzag_1,
          infiniplex_forest_corner_2, infiniplex_forest_lined_room_2,
          infiniplex_forest_lined_room_, infiniplex_forest_end_3
D:2:      layout_loops_corners, nicolae_ecumenical_pavilion
D:3:      layout_basic, minmay_misc_feat_iff
D:4:      layout_basic, nicolae_elyvilon_temple_path, uniq_blork_the_orc
D:5:      layout_basic, kennysheep_mini_moat, nicolae_yredelemnul_corpse_copse,
          minmay_temple_entry_mist, uniq_sigmund
D:6:      layout_rooms, serial_shops, shop_fountains, st_stairs_6
D:7:      layout_basic, uniq_pikel, uniq_maggie
D:8:      layout_basic, gammafunk_temple_overflow_pools
D:9:      layout_basic, dpeg_oklobed_lair, nzn_ghost_randoct, uniq_erica
D:10:     layout_cave_pods, kennysheep_little_box, enter_bailey_8,
          nooodl_orcs_dogs
D:11:     layout_basic, hiddenorc2_lemuel, slow_altar_1
D:12:     layout_stronghold
D:13:     layout_rooms, uniq_urug
D:14:     layout_cave_pools, david_vaults_1, nicolae_figureground_pulse,
          hangedman_tell_no_tales, uniq_roxanne
D:15:     grunt_enter_depths_giant_problem, layout_small_grid,
          minmay_misc_feat_four_crosses, minmay_bent, uniq_agnes,
          uniq_josephine, uniq_nessos
Temple:   eino_temple_scatter_basement
Lair:1:   layout_roguey, ldierk_geyser, chequers_serial_rivers_micro_b,
          minivault_24, nicolae_lair_lindhole, infiniplex_staircase_pool_2,
          grunt_megastairs_5
Lair:2:   layout_regular_city, minmay_shoals_entry_hut, portal_ice_cave_rime,
          minmay_lair_oklob_items, uniq_gastronok
Lair:3:   layout_concentric_octagons, hellmonk_spider_entry_not_the_bees,
          gammafunk_ghost_wrathful_warriors, grunt_megastairs_2
Lair:4:   layout_concentric_octagons, slime_entry_2, wad_woods_01
Lair:5:   minmay_lair_end_enchanted_forest, layout_cave_pods, lemuel_fruit_tree
Shoals:1: layout_shoals, serial_shops, nicolae_shop_crystal
Shoals:2: layout_shoals, serial_shops, nicolae_diamond_shop
Shoals:3: layout_shoals
Shoals:4: shoals_end_grunt_ice, layout_shoals, nicolae_shoals_seven_spires,
          nicolae_shoals_circle_sea_wall
Spider:1: layout_spider_delve
Spider:2: nicolae_spider_jumping_over_cracks [nicolae_spider_jumping_sub_offset,
          nicolae_spider_jumping_sub_lanes, nicolae_spider_jumping_sub_lake,
          nicolae_spider_jumping_sub_stairs], hangedman_stitches_earthworm
Spider:3: lemuel_spider_zombies, uniq_arachne
Spider:4: hellmonk_spider_rune_endless_swarm
Slime:1:  layout_caves, cheibrodos_slime_lost_civilization_6
Slime:2:  layout_caves, cheibrodos_slime_lost_civilization_7
Slime:3:  layout_caves
Slime:4:  layout_caves, special_room [special_room_jelly],
          nicolae_slime_round_cave
Slime:5
Orc:1:    layout_caves, serial_shops, nicolae_shop_waterfront
Orc:2:    pf_orc_diabolical, layout_diamond_mine, rock_pile
Elf:1:    elf_arrival_001, layout_loops_corners, serial_shops,
          nicolae_shop_temple_entry_statues_fountains,
          hangedman_elven_crosses_minicolossus, minmay_elf_annihilation
Vaults:1: vaults_mumra_bighexcomb, nicolae_vaults_disjoint_gnomons,
          grunt_vaults_trifunnel, vaults_standard_mumra_enter_the_diamond,
          ontoclasm_vaults_twist, vaults_room_boxed, v_alt_pattern_6,
          nicolae_vaults_little_squares_2, grunt_vaults_funnel,
          nicolae_vaults_back_hallway, vaults_dpeg_emergency_exit,
          vaults_room_pool, layout_vaults_maze_snakey, serial_shops,
          nicolae_lakefront_shop
Vaults:2: gammafunk_ghost_tricky_traps, minmay_crypt_entry_simple_sparse,
          ontoclasm_vaults_decontamination, nicolae_vaults_yaktaur_gun_rack,
          hangedman_vaults_cutoff, nicolae_vaults_theta, layout_vaults_omnigrid,
          serial_shops, nicolae_shop_hallway_stairs
Vaults:3: hangedman_vaults_corner, nicolae_vaults_little_ls,
          nicolae_vaults_asterisk, vaults_room_fours, vaults_room_pool,
          hangedman_vaults_stream, v_misc_27, v_misc_28, vaults_mumra_chevron,
          ontoclasm_vaults_eye, ontoclasm_vaults_fault, layout_vaults_omnicross,
          uniq_saint_roka, uniq_jory
Vaults:4: nicolae_vaults_angled_halls, grunt_vaults_swirl,
          dpeg_vaults_monster_row, v_alt_pattern_2,
          vaults_mumra_minichess_inversion, nicolae_vaults_specimen_jars,
          vaults_standard_mumra_enter_the_diamond, nicolae_vaults_theta,
          serial_ice_g, nicolae_vaults_theta, layout_vaults_chaotic_city
Depths:1: layout_cave_pools, hell_entry, nicolae_benzene_ring, feat_on_display,
          serial_bayou_shore_a
Depths:2: kennysheep_green_arena, layout_small_grid, grunt_mini_vestibule,
          rand_demon_pan_entry_3, nicolae_triple_integral, uniq_vv
Depths:3: kennysheep_demon_jail, layout_gridville, abyss_entry_flame_altar,
          hell_entry, grunt_pan_entry_spiral, hangedman_summoners_spam,
          infiniplex_staircase_zigzag_1, firewood_loft, grunt_megastairs_4,
          minmay_shop_grove
Depths:4: grunt_crosshair, layout_twisted_cross, enter_ziggurat_a, abyss_entry,
          hell_entry, minmay_crystal_water, serial_shops, nicolae_square_shop,
          hellmonk_scale_shop
Zot:1:    layout_misc_corridors
Zot:2:    layout_gridlike, uniq_grunn
Zot:3:    nicolae_moth_party, layout_misc_corridors
Zot:4:    layout_gridlike, serial_nicolae_subway, nicolae_sub_station_crystal,
          nicolae_sub_station_metal, nicolae_sub_station_stone,
          grunt_megastairs_1
Zot:5:    layout_misc_corridors

Skill      XL: |  1  2  3  4  5  6  7  8  9 10 11 12 13 14 15 16 17 18 19 20 21 22 23 24 25 26 27 |
---------------+----------------------------------------------------------------------------------+-----
Fighting       | 1 2 3 4 5 7 8 9 10 11 13 14 15 16 17 18 19 20 21 22 23 24 | 24.4
Spellcasting   | 4 5 6 7 8 9 11 12 13 14 15 16 17 18 19 20 21 22 23 24 25 26 | 26.5
Invocations    | 1 4 6 7 8 9 |  9.0
Dodging        | 5 7 9 11 12 13 | 13.0
Armour         | 5 7 |  7.0
Unarmed Combat | 5 7 9 11 12 14 15 | 15.0
Stealth        | |  1.5

Action                   |  1- 3 |  4- 6 |  7- 9 | 10-12 | 13-15 | 16-18 | 19-21 | 22-24 | 25-27 || total
-------------------------+-------+-------+-------+-------+-------+-------+-------+-------+-------++-------
Melee: Unarmed           |       |     6 |       |       |       |       |    22 |     8 |       ||    36
       Quarterstaff      |       |       |    17 |    17 |    18 |    18 |    21 |     2 |    20 ||   113
       Punch             |       |       |       |       |       |       |     5 |     3 |       ||     8
 Cast: Magic Dart        |    82 |    75 |     3 |       |       |       |       |       |       ||   160
       Searing Ray       |       |     8 |     6 |     1 |       |       |       |       |       ||    15
       Iskenderun's Myst |       |     4 |    55 |   216 |   299 |   311 |    49 |     1 |     2 ||   937
       Stone Arrow       |       |       |    11 |    33 |    37 |       |       |     6 |       ||    87
       Freezing Cloud    |       |       |       |       |    15 |     7 |     2 |     3 |       ||    27
       Iron Shot         |       |       |       |       |   138 |   160 |   155 |   287 |   296 ||  1036
       Starburst         |       |       |       |       |       |    63 |   220 |   228 |   183 ||   694
       Alistair's Intoxi |       |       |       |       |       |     1 |       |       |       ||     1
       Fulminant Prism   |       |       |       |       |       |     1 |       |       |       ||     1
       Statue Form       |       |       |       |       |       |       |    26 |    34 |    35 ||    95
       Spider Form       |       |       |       |       |       |       |     1 |       |       ||     1
       Summon Hydra      |       |       |       |       |       |       |     1 |    20 |    19 ||    40
       Summon Horrible T |       |       |       |       |       |       |       |       |     7 ||     7
       Dragon's Call     |       |       |       |       |       |       |       |       |     9 ||     9
       Necromutation     |       |       |       |       |       |       |       |       |     1 ||     1
 Abil: End Transformatio |       |       |       |       |       |       |       |       |     1 ||     1
  Use: Scroll            |       |    14 |     5 |     9 |     6 |     2 |       |     5 |     2 ||    43
       Potion            |       |     1 |       |       |     1 |     2 |     6 |     4 |     6 ||    20
 Stab: Sleeping          |       |       |     1 |       |       |     1 |       |       |       ||     2
Armor: Robe              |     5 |     3 |    11 |     6 |    11 |    13 |       |       |       ||    49
       Troll leather arm |       |       |       |       |       |    16 |     5 |     8 |    16 ||    45
       Skin              |       |       |       |       |       |       |   154 |   258 |   238 ||   650
Dodge: Dodged            |     9 |    17 |    31 |    60 |   121 |   273 |   383 |   559 |   442 ||  1895

Table legend: (Time is in decaauts)
 A = Elapsed time spent in this place.
 B = Non-inter-level travel time spent in this place.
 C = Inter-level travel time spent in this place.
 D = Time resting spent in this place.
 E = Time spent auto-exploring this place.
 F = Levels seen in this place.
 G = Mean time per level.
                   A        B        C        D        E       F      G
               +--------+--------+--------+--------+--------+-----+--------+
         Total |  55864 |  52043 |   3821 |   2885 |  39431 |  51 | 1095.4 |
       Dungeon |  18418 |  16777 |   1641 |     86 |  14769 |  15 | 1227.9 |
        Temple |    197 |    197 |      0 |      0 |    153 |   1 |  197.0 |
          Lair |   6488 |   5956 |    532 |    283 |   4730 |   5 | 1297.6 |
        Shoals |   3496 |   3374 |    122 |      0 |   2513 |   4 |  874.0 |
   Spider Nest |   4463 |   4209 |    254 |    281 |   3234 |   4 | 1115.8 |
    Slime Pits |   3635 |   3544 |     91 |    787 |   1674 |   5 |  727.0 |
  Orcish Mines |   2015 |   1784 |    231 |      0 |   1417 |   2 | 1007.5 |
   Elven Halls |     34 |     28 |      6 |      0 |      1 |   1 |   34.0 |
        Vaults |   5353 |   5018 |    335 |      0 |   3989 |   4 | 1338.2 |
        Depths |   4148 |   3930 |    218 |      0 |   2775 |   4 | 1037.0 |
           Zot |   6788 |   6401 |    387 |   1446 |   3471 |   5 | 1357.6 |
        Bailey |    822 |    822 |      0 |      0 |    703 |   1 |  822.0 |
               +--------+--------+--------+--------+--------+-----+--------+

Top non-repeatable levels by time:
   Zot:5: 2945 daAuts
     D:5: 2264 daAuts
     D:1: 1910 daAuts
    D:11: 1749 daAuts
  Lair:2: 1693 daAuts
Vaults:2: 1503 daAuts
 Slime:4: 1461 daAuts
Vaults:4: 1439 daAuts
     D:8: 1407 daAuts
    D:10: 1362 daAuts
Spider:2: 1347 daAuts
   Orc:2: 1338 daAuts
  Lair:3: 1310 daAuts
  Lair:1: 1303 daAuts
  Lair:5: 1288 daAuts
